 Dungeon Crawl Stone Soup version 0.30-a0-313-gae38170b09 (webtiles) character file.

Game seed: 9613116914907489475

19 PapaRoan the Conjurer (level 2, -1/19 HPs)
             Began as a Human Conjurer on Oct 26, 2022.
             Slain by a kobold
             ... wielding a +1 whip of electrocution
              (18 damage)
             ... on level 3 of the Dungeon.
             The game lasted 00:13:03 (681 turns).

PapaRoan the Conjurer (Human Conjurer)               Turns: 681, Time: 00:13:04

Health: -1/19      AC:  5    Str:  7    XL:     2   Next: 95%
Magic:  1/5        EV: 12    Int: 18    God:
Gold:   14         SH:  0    Dex: 11    Spells: 2/5 levels left

rFire   . . .      SeeInvis .    d - +0 short sword
rCold   . . .      Faith    .    (no shield)
rNeg    . . .      Spirit   .    a - +0 robe
rPois   .          Reflect  .    (no helmet)
rElec   .          Harm     .    (no cloak)
rCorr   .          Rampage  .    (no gloves)
Will    .....                    e - +2 pair of boots
Stlth   ++........               (no amulet)
HPRegen 0.23/turn                (no ring)
MPRegen 0.09/turn                (no ring)

@: very slightly contaminated
A: no striking features
a: no special abilities


You were on level 3 of the Dungeon.
You visited 1 branch of the dungeon, and saw 3 of its levels.

You collected 14 gold pieces.

Inventory:

Hand Weapons
 d - a +0 short sword (weapon)
 f - a +0 club
Armour
 a - a +0 robe (worn)
 e - a +2 pair of boots (worn)
Scrolls
 g - 2 scrolls of amnesia {unknown}
 h - 2 scrolls of teleportation {unknown}
 i - a scroll of identify {unknown}
Potions
 b - a potion of magic
 c - a potion of haste {unknown}


   Skills:
 + Level 2.1 Dodging
 + Level 2.1 Stealth
 + Level 2.2 Spellcasting
 + Level 4.4 Conjurations


You had 2 spell levels left.
You knew the following spells:

 Your Spells              Type           Power      Damage    Failure   Level
a - Magic Dart            Conj           72%        1d6       2%          1
b - Searing Ray           Conj           36%        2d5       4%          2

Your spell library contained the following spells:

 Spells                   Type           Power      Damage    Failure   Level
 Cigotuvi's Dreadful Rot  Necr/Pois/Air  2%         N/A       26%         2
 Poisonous Vapours        Pois/Air       2%         N/A       26%         2
 Dazzling Flash           Conj/Hex       20%        N/A       22%         3
 Mephitic Cloud           Conj/Pois/Air  7%         N/A       28%         3
 Call Canine Familiar     Summ           1%         N/A       47%         3
 Portal Projectile        Hex/Tloc       2%         N/A       47%         3
 Fulminant Prism          Conj/Hex       5%         3d7       56%         4
 Iskenderun's Mystic Bla  Conj/Tloc      10%        2d4       56%         4
 Leda's Liquefaction      Hex/Erth       0%         N/A       87%         4


Dungeon Overview and Level Annotations

Branches:
Dungeon (3/15)

Altars:


Message History

Okay, then.
Casting: Searing Ray (safe; 4% risk of failure)
Confirm with . or Enter, or press ? or * to list all spells.
Aiming: Searing Ray (safe; 4% risk of failure)
Press: ? - help, Shift-Dir - straight line, f - bat
Aim: a bat (asleep, 100% to hit)
The searing ray hits the bat!
You kill the bat! (Press . to maintain the ray.)
You see here a bat corpse.
Found a scroll labelled AGHUK FIGHENOM.
Found a stone staircase leading down.
Found a scroll labelled VAAHASAACW.
A kobold comes into view.
It is wielding a +1 whip of electrocution.
h - 2 scrolls labelled VAAHASAACW (gained 1)
The kobold shouts!
You see here a scroll labelled AGHUK FIGHENOM.
You see here a scroll labelled AGHUK FIGHENOM.
i - a scroll labelled AGHUK FIGHENOM
Casting: Searing Ray (safe; 4% risk of failure)
Confirm with . or Enter, or press ? or * to list all spells.
Aiming: Searing Ray (safe; 4% risk of failure)
Press: ? - help, Shift-Dir - straight line, f - kobold
Aim: a kobold, wielding a +1 whip of electrocution (72% to hit)
You miscast Searing Ray.
You are very lightly contaminated with residual magic.
Nothing appears to happen.
Found 9 stones.
There is a stone staircase leading down here.
The kobold barely misses you.
You climb downwards.
Found 11 gold pieces.
There is a stone staircase leading up here.
The kobold attacks as you move away! The kobold barely misses you.
Found a scroll labelled BESOEFAESOPT.
The kobold attacks as you move away!
The kobold hits you with a +1 whip of electrocution.
You are electrocuted!!
Ouch! That really hurt!
You die...

....... ......#
...#..#
####.#..... .#
#..........
...###....$....?
#..............
##.....@.......
#.....K........
#........####..
#..w......#
##.....####
#......J
#K......
#.......
##.....##


You could see a worm (asleep) and 2 kobolds.

Vanquished Creatures
  An adder (D:2)
  An endoplasm (D:2)
  A goblin (D:1)
  2 kobolds (D:2)
  A quokka (D:2)
  A ball python (D:2)
  A bat (D:2)
  2 rats (D:2)
10 creatures vanquished.

Notes
Turn   | Place    | Note
-------+----------+-------------------------------------------
     0 | D:1      | PapaRoan the Human Conjurer began the quest for the Orb.
     0 | D:1      | Reached XP level 1. HP: 13/13 MP: 3/3
   274 | D:2      | Reached XP level 2. HP: 19/19 MP: 1/5
   297 | D:2      | Learned a level 2 spell: Searing Ray
   681 | D:3      | Slain by a kobold

Illustrated notes

Levels and vault maps discovered:
D:1:      dpeg_arrival_fog, layout_loops_ring, chequers_avenue
D:2:      layout_rooms, kennysheep_nub
D:3:      layout_rooms, grunt_temple_overflow_champion_of_chaos,
          riverfiend_overflow_shadow_ancestor, serial_shops, shop,
          dreamdust_mushroom_princess, uniq_ijyb

Action                   || total
-------------------------++-------
Melee: Short sword       ||     4
 Cast: Magic Dart        ||    24
       Searing Ray       ||     6
Armor: Robe              ||     6
Dodge: Dodged            ||    40

Table legend: (Time is in decaauts)
 A = Elapsed time spent in this place.
 B = Non-inter-level travel time spent in this place.
 C = Inter-level travel time spent in this place.
 D = Time resting spent in this place.
 E = Time spent auto-exploring this place.
 F = Levels seen in this place.
 G = Mean time per level.
                   A        B        C        D        E       F      G
               +--------+--------+--------+--------+--------+-----+--------+
         Total |    679 |    679 |      0 |     84 |      0 |   3 |  226.3 |
       Dungeon |    679 |    679 |      0 |     84 |      0 |   3 |  226.3 |
               +--------+--------+--------+--------+--------+-----+--------+

Top non-repeatable levels by time:
     D:2: 553 daAuts
     D:1: 125 daAuts
     D:3: 1 daAuts
